 Dungeon Crawl Stone Soup version 0.22-a0-458-gb446440 (webtiles) character file.

595 xccam the Ducker (level 7, -9/60 HPs)
             Began as a Gnoll Monk on June 8, 2018.
             Mangled by an ogre
             ... wielding a +0 giant club
              (28 damage)
             ... on level 4 of the Dungeon.
             The game lasted 00:05:18 (2616 turns).

xccam the Ducker (Gnoll Monk)                       Turns: 2616, Time: 00:05:19

Health: -9/60      AC: 10    Str: 14    XL:     7   Next: 40%
Magic:  10/10      EV: 15    Int: 12    God:
Gold:   119        SH:  5    Dex: 19    Spells: 10/10 levels left

rFire    . . .     SeeInvis .   a - +0 hand axe
rCold    + . .     Gourm    .   k - +0 buckler (curse)
rNeg     . . .     Faith    .   o - +0 ring mail
rPois    .         Spirit   .   e - +2 hat
rElec    .         Reflect  .   (no cloak)
rCorr    .         Harm     .   (no gloves)
MR       .....     Clarity  +   b - +0 pair of boots
Stlth    ++........             (no amulet)
HPRegen  0.20/turn              f - +2 ring of protection
MPRegen  0.12/turn              g - ring of protection from cold

@: no status effects
A: distributed training, fangs 1, agile 1, clarity, weak 1, strong nose
a: no special abilities


You were on level 4 of the Dungeon.
You were not hungry.

You visited 1 branch of the dungeon, and saw 4 of its levels.

You collected 119 gold pieces.

Inventory:

Hand Weapons
 a - a +0 hand axe (weapon)
Armour
 b - a +0 pair of boots (worn)
 e - a +2 hat (worn)
 k - a cursed +0 buckler (worn)
 o - a +0 ring mail (worn)
Jewellery
 f - a +2 ring of protection (left hand)
 g - a ring of protection from cold (right hand)
Wands
 p - a wand of digging (7)
Scrolls
 d - 3 scrolls of magic mapping {unknown}
 h - 2 scrolls of remove curse {unknown}
 i - 2 scrolls of enchant armour {unknown}
 m - 4 scrolls of identify {unknown}
 n - 4 scrolls of teleportation {unknown}
 q - 2 scrolls of amnesia {unknown}
Potions
 l - a potion of curing
 s - a potion of ambrosia
Comestibles
 c - 11 rations


   Skills:
 + Level 7.0 Fighting
 + Level 2.4 Short Blades
 + Level 2.4 Long Blades
 + Level 7.0 Axes
 + Level 2.4 Maces & Flails
 + Level 2.4 Polearms
 + Level 2.4 Staves
 + Level 2.4 Slings
 + Level 2.4 Bows
 + Level 2.4 Crossbows
 + Level 2.4 Throwing
 + Level 2.4 Armour
 + Level 7.0 Dodging
 + Level 4.8 Stealth
 + Level 2.4 Shields
 + Level 2.4 Unarmed Combat
 + Level 2.4 Spellcasting
 + Level 2.0 Conjurations
 + Level 2.0 Hexes
 + Level 2.0 Charms
 + Level 2.0 Summonings
 + Level 2.0 Necromancy
 + Level 2.0 Translocations
 + Level 2.0 Transmutations
 + Level 2.0 Fire Magic
 + Level 2.0 Ice Magic
 + Level 2.0 Air Magic
 + Level 2.0 Earth Magic
 + Level 2.0 Poison Magic
 + Level 2.6 Invocations
 + Level 2.4 Evocations


You had 10 spell levels left.
You didn't know any spells.
Your spell library was empty.

Dungeon Overview and Level Annotations

Branches:
Dungeon (4/15)
 Temple: D:4-7

Altars:
Dithmenos
Elyvilon
Okawaru
Qazlal
Uskayaw
Wu Jian
Yredelemnul
The Shining One


Innate Abilities, Weirdness & Mutations

Your experience applies equally to all skills.
You have very sharp teeth.
Your uncanny sense of smell can sniff out nearby items.
You are agile. (Dex +2)
You possess an exceptional clarity of mind.
You are weak. (Str -2)


Message History

This raw flesh tastes terrible.
An ogre comes into view. It is wielding a giant club.
The ogre shouts!
You completely miss the ogre. Your bite misses the ogre.
The ogre closely misses you.
You hit the ogre but do no damage. Your bite misses the ogre.
The ogre hits you with a giant club!!
You hit the ogre. You bite the ogre, but do no damage.
The ogre is lightly wounded.
The ogre completely misses you.
You hit the ogre.
The ogre is lightly wounded.
You hit the ogre but do no damage.
The ogre is lightly wounded.
The ogre hits you with a giant club!
* * * LOW HITPOINT WARNING * * *
You are too injured to fight recklessly!
You are too injured to fight recklessly!
The ogre hits you with a giant club!!
You die...

.# #..8..._...8.# .#
#......).....# .# ..
#..8.......8.# .# #.
#............## ## ####.
#..8.......8..# . ..#.#
###.............# ......
#...............# .##.#..
#(##.##..########
.......###.##@##..#
.##.........O.##..#### #
#.#####.###.#####.....# #
#....##. #.# #.###.#
###............ ...# #.#
..[............###### #.#
.#..##.#.......# #.#
....##.#.......# ##.##
.....#.#.......#######...##


You could see an ogre.

Vanquished Creatures
  A hippogriff (D:4)
  The ghost of 4thArraOfDagon the Chopper, an amateur HOFi (D:4)
  A centaur (D:4)
  The ghost of Galder the Magician, a weakling DEWz (D:3)
  An orc priest (D:3)
  A worker ant (D:4)
  3 gnolls (D:4)
  5 adders
  An ooze (D:3)
  2 worms (D:2)
  3 leopard geckos
  12 orcs (D:3)
  2 giant cockroaches (D:2)
  3 goblins
  3 hobgoblins
  5 jackals (D:2)
  2 quokkas
  5 ball pythons
  12 bats
  3 frilled lizards
  6 kobolds
  A quokka skeleton (D:4)
  7 rats
81 creatures vanquished.

Notes
Turn   | Place    | Note
-------+----------+-------------------------------------------
     0 | D:1      | xccam the Gnoll Monk began the quest for the Orb.
     0 | D:1      | Reached XP level 1. HP: 23/23 MP: 1/1
   140 | D:1      | Reached XP level 2. HP: 28/29 MP: 2/2
   697 | D:2      | Found a glowing golden altar of the Shining One.
   741 | D:2      | Found a stormy altar of Qazlal.
   832 | D:2      | Reached XP level 3. HP: 35/35 MP: 3/3
   915 | D:2      | Found an ornate altar of the Wu Jian Council.
  1041 | D:2      | Found an iron altar of Okawaru.
  1099 | D:2      | Reached skill level 1 in Invocations
  1347 | D:3      | Reached skill level 1 in Short Blades
  1347 | D:3      | Reached skill level 1 in Long Blades
  1347 | D:3      | Reached skill level 1 in Maces & Flails
  1347 | D:3      | Reached skill level 1 in Polearms
  1347 | D:3      | Reached skill level 1 in Staves
  1347 | D:3      | Reached skill level 1 in Slings
  1347 | D:3      | Reached skill level 1 in Bows
  1347 | D:3      | Reached skill level 1 in Crossbows
  1347 | D:3      | Reached skill level 1 in Throwing
  1347 | D:3      | Reached skill level 1 in Armour
  1347 | D:3      | Reached skill level 1 in Shields
  1347 | D:3      | Reached skill level 1 in Unarmed Combat
  1347 | D:3      | Reached skill level 1 in Spellcasting
  1347 | D:3      | Reached skill level 1 in Evocations
  1350 | D:3      | Reached XP level 4. HP: 33/41 MP: 5/5
  1376 | D:3      | Found a faded altar of an unknown god.
  1405 | D:3      | Reached skill level 1 in Conjurations
  1405 | D:3      | Reached skill level 1 in Hexes
  1405 | D:3      | Reached skill level 1 in Charms
  1405 | D:3      | Reached skill level 1 in Summonings
  1405 | D:3      | Reached skill level 1 in Necromancy
  1405 | D:3      | Reached skill level 1 in Translocations
  1405 | D:3      | Reached skill level 1 in Transmutations
  1405 | D:3      | Reached skill level 1 in Fire Magic
  1405 | D:3      | Reached skill level 1 in Ice Magic
  1405 | D:3      | Reached skill level 1 in Air Magic
  1405 | D:3      | Reached skill level 1 in Earth Magic
  1405 | D:3      | Reached skill level 1 in Poison Magic
  1416 | D:3      | Reached XP level 5. HP: 21/47 MP: 6/6
  1511 | D:3      | Noticed Galder's ghost (weakling DEWz)
  1538 | D:3      | Found a white marble altar of Elyvilon.
  1543 | D:3      | Gained mutation: You are weak. (Str -2) [potion of mutation]
  1543 | D:3      | Gained mutation: You are agile. (Dex +2) [potion of mutation]
  1543 | D:3      | Gained mutation: You possess an exceptional clarity of mind. [potion of mutation]
  1562 | D:3      | Killed Galder's ghost
  1788 | D:3      | Found a glowing golden altar of the Shining One.
  1790 | D:3      | Noticed an angel
  1797 | D:3      | Found a basalt altar of Yredelemnul.
  1799 | D:3      | Noticed a profane servitor
  1975 | D:3      | Found a shadowy altar of Dithmenos.
  2183 | D:4      | Noticed a centaur
  2195 | D:4      | Killed a centaur
  2195 | D:4      | Reached XP level 6. HP: 53/53 MP: 8/8
  2319 | D:4      | Noticed a hippogriff
  2335 | D:4      | Killed a hippogriff
  2335 | D:4      | Reached XP level 7. HP: 40/59 MP: 8/10
  2351 | D:4      | Found a hide-covered altar of Uskayaw.
  2401 | D:4      | Noticed 4thArraOfDagon's ghost (amateur HOFi)
  2432 | D:4      | Killed 4thArraOfDagon's ghost
  2616 | D:4      | Mangled by an ogre

Vault maps used:
D:1:      dpeg_arrival_houses_and_road, columned_hall_lemuel
D:2:      nicolae_qazlal_general_emergency, nicolae_overflow_hidden_temple,
          overflow_temple_1_default, nicolae_tso_carved_into_rock
D:3:      grunt_temple_overflow_holy_war, old_standard_altar,
          chequers_ecumenical_altar_simple_redux, minmay_misc_feat_rows,
          nicolae_dithmenos_through_a_glass_darkly
D:4:      tgw_sif, eat_drink_and_be_merry_uskayaw, first_ration,
          makhleb_blood_cavern_becter, uniq_ijyb

Skill      XL: |  1  2  3  4  5  6  7 |
---------------+----------------------+-----
Invocations    | 1 2 |  2.6
Short Blades   | 1 2 |  2.4
Long Blades    | 1 2 |  2.4
Maces & Flails | 1 2 |  2.4
Polearms       | 1 2 |  2.4
Staves         | 1 2 |  2.4
Slings         | 1 2 |  2.4
Bows           | 1 2 |  2.4
Crossbows      | 1 2 |  2.4
Throwing       | 1 2 |  2.4
Armour         | 1 2 |  2.4
Shields        | 1 2 |  2.4
Unarmed Combat | 1 2 |  2.4
Spellcasting   | 1 2 |  2.4
Evocations     | 1 2 |  2.4
Conjurations   | 1 2 |  2.0
Hexes          | 1 2 |  2.0
Charms         | 1 2 |  2.0
Summonings     | 1 2 |  2.0
Necromancy     | 1 2 |  2.0
Translocations | 1 2 |  2.0
Transmutations | 1 2 |  2.0
Fire Magic     | 1 2 |  2.0
Ice Magic      | 1 2 |  2.0
Air Magic      | 1 2 |  2.0
Earth Magic    | 1 2 |  2.0
Poison Magic   | 1 2 |  2.0
Fighting       | 7 |  7.0
Axes           | 7 |  7.0
Dodging        | 7 |  7.0
Stealth        | |  4.8

Action                   |  1- 3 |  4- 6 |  7- 9 || total
-------------------------+-------+-------+-------++-------
Melee: Hand axe          |    90 |   139 |    45 ||   274
       Bite              |     5 |    20 |    11 ||    36
  Use: Potion            |       |     7 |     2 ||     9
 Stab: Sleeping          |    13 |     3 |       ||    16
  Eat: Chunk             |     1 |     4 |     1 ||     6
Armor: Robe              |    12 |       |       ||    12
       Ring mail         |     2 |    48 |     6 ||    56
Dodge: Dodged            |    69 |    90 |    24 ||   183
Block: Buckler           |    12 |    47 |     6 ||    65

Table legend:
 A = Spawn XP
 B = Non-spawn XP
 C = Spawn XP percentage of total XP
 D = Spawn monster count
 E = Non-spawn monster count
 F = Spawn count percentage of total count
 G = Total turns spent on level
                    A         B        C        D         E        F      G
               +---------+---------+-------+---------+---------+-------+---------
         Total |       0 |     850 |   0.0 |       0 |      81 |   0.0 |  2616
               +---------+---------+-------+---------+---------+-------+---------
           D:1 |       0 |      25 |   0.0 |       0 |      18 |   0.0 |   661
           D:2 |       0 |      41 |   0.0 |       0 |      20 |   0.0 |   677
           D:3 |       0 |     177 |   0.0 |       0 |      31 |   0.0 |   786
           D:4 |       0 |     607 |   0.0 |       0 |      12 |   0.0 |   492
               +---------+---------+-------+---------+---------+-------+---------
